 Seeded DCSS version 0.26-a0-964-g69f9a3b9e2 (webtiles) character file.

Game seed: 2393150434104887481 (custom seed)

32 karrick the Covert (level 3, 20/35 HPs)
             Began as a Gnoll Delver on Dec 3, 2020.
             Was an Initiate of Okawaru.
             Quit the game on level 5 of the Dungeon.
             The game lasted 00:01:03 (444 turns).

karrick the Covert (Gnoll Delver)                    Turns: 444, Time: 00:01:03

Health: 20/35      AC:  3    Str: 15    XL:     3   Next: 27%
Magic:  4/4        EV: 14    Int: 12    God:    Okawaru [......]
Gold:   7          SH:  0    Dex: 16    Spells: 3/3 levels left

rFire    . . .     SeeInvis .   a - +0 falchion
rCold    . . .     Faith    .   (no shield)
rNeg     . . .     Spirit   .   b - +0 leather armour
rPois    .         Reflect  .   (no helmet)
rElec    .         Harm     .   (no cloak)
rCorr    .         Rampage  .   (no gloves)
MR       .....                  (no boots)
Stlth    ++++......             (no amulet)
HPRegen  0.11/turn              (no ring)
MPRegen  0.09/turn              (no ring)

@: mildly poisoned (20 -> 14)
A: distributed training, fangs 1, strong nose
a: Renounce Religion


You were on level 5 of the Dungeon.
You worshipped Okawaru.
Okawaru was noncommittal.
You visited 2 branches of the dungeon, and saw 3 of its levels.

You collected 7 gold pieces.

Inventory:

Hand Weapons
 a - a +0 falchion (weapon)
Armour
 b - a +0 leather armour (worn)
Wands
 g - a wand of digging (3)
Scrolls
 c - a scroll of fog
 d - a scroll of magic mapping
 e - a scroll of fear
Potions
 f - a potion of haste


   Skills:
 + Level 6.5 Fighting
 + Level 0.7 Short Blades
 + Level 4.5 Long Blades
 + Level 0.7 Axes
 + Level 0.7 Maces & Flails
 + Level 0.7 Polearms
 + Level 0.7 Staves
 + Level 0.7 Slings
 + Level 0.7 Bows
 + Level 0.7 Crossbows
 + Level 0.7 Throwing
 + Level 0.7 Armour
 + Level 4.5 Dodging
 + Level 9.5 Stealth
 + Level 0.7 Shields
 + Level 0.7 Unarmed Combat
 + Level 0.7 Spellcasting
 + Level 0.5 Conjurations
 + Level 0.5 Hexes
 + Level 0.5 Summonings
 + Level 0.5 Necromancy
 + Level 0.5 Translocations
 + Level 0.5 Transmutations
 + Level 0.5 Fire Magic
 + Level 0.5 Ice Magic
 + Level 0.5 Air Magic
 + Level 0.5 Earth Magic
 + Level 0.5 Poison Magic
 + Level 0.9 Invocations
 + Level 0.7 Evocations


You had 3 spell levels left.
You didn't know any spells.
Your spell library was empty.

Dungeon Overview and Level Annotations

Branches:
Dungeon (6/15)             Temple (1/1) D:5

Altars:
Cheibriados
Elyvilon
Makhleb
Nemelex Xobeh
Okawaru
Qazlal
Ru
Trog
Uskayaw
Vehumet
Yredelemnul
Zin
The Shining One


Innate Abilities, Weirdness & Mutations

Your experience applies equally to all skills.
You have very sharp teeth.
Your uncanny sense of smell can sniff out nearby items.


Message History

The worker ant bites you.
The worker ant bites you but does no damage.
Unknown command.
You completely miss the worker ant. Your bite misses the worker ant.
The worker ant is heavily wounded.
The worker ant barely misses you.
You barely miss the worker ant. You bite the worker ant.
The worker ant is heavily wounded.
The worker ant bites you!
You are poisoned.
The worker ant poisons you!
Unknown command.
You slash the worker ant!
The worker ant is almost dead.
You feel sick. The worker ant closely misses you.
The worker ant bites you but does no damage.
You closely miss the worker ant.
The worker ant is almost dead.
You feel sick. The worker ant barely misses you.
Are you sure you want to abandon this character and quit the game? (Confirm with "yes".)

#.#...####.#
..#........#
#######.#######
...............
#######.#######
#.# #.# #.# #@#
#B.....!.
#########


You could see a worker ant.

Vanquished Creatures
  A hound (D:6)
  A giant cockroach (D:6)
2 creatures vanquished.

Notes
Turn   | Place    | Note
-------+----------+-------------------------------------------
     0 | D:5      | Reached skill level 9 in Stealth
     0 | D:5      | karrick the Gnoll Delver began the quest for the Orb.
     0 | D:5      | Reached XP level 1. HP: 23/23 MP: 1/1
     6 | Temple   | Entered the Ecumenical Temple
   146 | Temple   | Became a worshipper of Warmaster Okawaru
   165 | D:5      | Noticed a scorpion
   166 | D:5      | Noticed a hound
   189 | D:6      | Killed a hound
   190 | D:6      | Reached XP level 2. HP: 9/29 MP: 1/3
   190 | D:6      | Reached XP level 3. HP: 11/35 MP: 1/4
   444 | D:5      | Quit the game

Illustrated notes

Levels and vault maps discovered:
D:5:      layout_basic, nicolae_overflow_crystal_walls, kennysheep_mini,
          temple_statues, minmay_ogre_servants
D:6:      wander_river, layout_gridville, old_standard_altar,
          evilmike_ruin_ashenzari, overflow_temple_1_default,
          kennysheep_generic_room_7, uniq_duvessa, uniq_eustachio,
          uniq_blork_the_orc
Temple:   dshaligram_water_room_temple

Skill      XL: | |
---------------+-+-----
Stealth        | |  9.5
Fighting       | |  6.5
Short Blades   | |  0.7
Long Blades    | |  4.5
Axes           | |  0.7
Maces & Flails | |  0.7
Polearms       | |  0.7
Staves         | |  0.7
Slings         | |  0.7
Bows           | |  0.7
Crossbows      | |  0.7
Throwing       | |  0.7
Armour         | |  0.7
Dodging        | |  4.5
Shields        | |  0.7
Unarmed Combat | |  0.7
Spellcasting   | |  0.7
Conjurations   | |  0.5
Hexes          | |  0.5
Summonings     | |  0.5
Necromancy     | |  0.5
Translocations | |  0.5
Transmutations | |  0.5
Fire Magic     | |  0.5
Ice Magic      | |  0.5
Air Magic      | |  0.5
Earth Magic    | |  0.5
Poison Magic   | |  0.5
Invocations    | |  0.9
Evocations     | |  0.7

Action                   || total
-------------------------++-------
Melee: Falchion          ||    18
       Bite              ||     2
 Stab: Sleeping          ||     1
Armor: Leather armour    ||     4
Dodge: Dodged            ||    14
       Rpst.: Falchion   ||     3

Table legend: (Time is in decaauts)
 A = Elapsed time spent in this place.
 B = Non-inter-level travel time spent in this place.
 C = Inter-level travel time spent in this place.
 D = Time resting spent in this place.
 E = Time spent auto-exploring this place.
 F = Levels seen in this place.
 G = Mean time per level.
                   A        B        C        D        E       F      G
               +--------+--------+--------+--------+--------+-----+--------+
         Total |    445 |    407 |     38 |    213 |    136 |   3 |  148.3 |
       Dungeon |    295 |    295 |      0 |    213 |     27 |   2 |  147.5 |
        Temple |    149 |    111 |     38 |      0 |    109 |   1 |  149.0 |
               +--------+--------+--------+--------+--------+-----+--------+

Top non-repeatable levels by time:
     D:6: 226 daAuts
  Temple: 149 daAuts
     D:5: 69 daAuts
